 Dungeon Crawl Stone Soup version 0.17-a0-1769-g54adf96 (webtiles) character file.

322 kae the Carver (level 6, 0/39 HPs)
             Began as a High Elf Skald on Sept 7, 2015.
             Succumbed to an adder's poison
             ... in a sewer.
             The game lasted 00:09:39 (5133 turns).

kae the Carver (High Elf Skald)                     Turns: 5133, Time: 00:09:40

Health: 0/39       AC: 12    Str: 12    XL:     6   Next: 22%
Magic:  10/10      EV:  3    Int: 16    God:
Gold:   156        SH:  0    Dex: 16    Spells: 1 memorised, 8 levels left

rFire  . . .     SeeInvis .     j - +0 long sword
rCold  . . .     Clarity  .     g - +1 plate armour
rNeg   . . .     SustAt   .     (no shield)
rPois  .         Gourm    .     h - +0 helmet
rElec  .         Spirit   .     (no cloak)
rCorr  .         Warding  .     (no gloves)
rMut   .         Stasis   .     (no boots)
MR     .....                    (no amulet)
Stlth  ..........               (no ring)
                                (no ring)

@: lethally poisoned (0 -> -12), not resistant to hostile enchantments,
extremely unstealthy
A: no striking features
a: no special abilities


You were in a sewer.
You were hungry.

You visited 1 branch of the dungeon, and saw 4 of its levels.
You also visited: Sewer.

You collected 156 gold pieces.

Inventory:

Hand weapons
 a - a +0 falchion
 j - a +0 long sword (weapon)
Armour
 b - a +0 leather armour
 g - a +1 plate armour (worn)
 h - a +0 helmet (worn)
Scrolls
 e - a scroll of recharging
 m - a scroll of magic mapping
 n - 2 scrolls of teleportation
 o - a scroll of fear {unknown}
Potions
 k - 2 potions of magic
 l - 2 potions of curing
Books
 c - a book of Battle

   Spells                             Type                      Level
   a - Infusion                       Charms                       1
   b - Shroud of Golubria             Charms/Translocation         2
   c - Song of Slaying                Charms                       2
   d - Spectral Weapon                Hexes/Charms                 3
   e - Regeneration                   Charms/Necromancy            3
Comestibles
 d - 3 bread rations
 f - 6 chunks of flesh
 i - 3 meat rations


   Skills:
 - Level 2.0 Fighting
 + Level 8.0 Long Blades
 - Level 0.8 Armour
 - Level 1.1 Dodging
 - Level 2.4 Spellcasting
 - Level 3.6 Charms


You had 8 spell levels left.
You knew the following spells:

 Your Spells              Type           Power        Failure   Level  Hunger
a - Infusion              Chrm           ##....       100%        1    #......


Dungeon Overview and Level Annotations

Branches:
Dungeon (4/15)
 Temple: D:4-7

Altars:
Cheibriados
Dithmenos
Makhleb
Nemelex Xobeh
Qazlal
Ru


Message History

You feel sick. The adder bites you but does no damage.
The adder bites you but does no damage.
Your unstable footing causes you to fumble your attack.
You feel sick. The adder bites you but does no damage.
The adder bites you but does no damage. The adder bites you.
* * * LOW HITPOINT WARNING * * *
The adder bites you but does no damage.
Unknown command.
* * * LOW HITPOINT WARNING * * *
You feel sick. The adder barely misses you.
The adder bites you but does no damage. The adder bites you.
* * * LOW HITPOINT WARNING * * *
You are more poisoned.
The adder poisons you!
* * * LOW HITPOINT WARNING * * *
You feel very sick. The adder bites you.
* * * LOW HITPOINT WARNING * * *
The adder bites you but does no damage. x2
You die...

#....##### #....##..#
#.....'..# ##....####
#.....####################
#.......≈≈≈≈≈≈≈≈≈≈≈≈≈≈≈≈≈.
##......≈≈≈≈≈≈≈≈≈≈≈≈≈≈≈≈≈.
#.....≈≈≈≈≈≈≈≈S≈≈≈≈≈≈≈≈≈.
##.....≈≈≈≈≈@≈S≈≈≈≈≈≈≈≈..
##....≈≈≈≈≈≈≈≈≈≈≈≈≈≈≈≈..
###.≈≈≈≈≈≈≈≈≈≈≈≈≈≈≈≈≈..
#####################


You could see 2 adders.

Vanquished Creatures
  Jessica (D:3)
  2 gnolls (D:2)
  8 river rats
  8 adders
  An ooze (Sewer)
  A worm (D:2)
  4 giant geckos
  9 orcs (D:3)
  5 giant cockroaches
  10 hobgoblins
  8 jackals
  A quokka (D:2)
  11 ball pythons
  4 bats
  5 giant newts
  9 goblins
  9 kobolds
  33 rats
129 creatures vanquished.

Notes
Turn   | Place    | Note
--------------------------------------------------------------
     0 | D:1      | kae the High Elf Skald began the quest for the Orb.
     0 | D:1      | Reached XP level 1. HP: 14/14 MP: 4/4
   323 | D:1      | Reached XP level 2. HP: 13/19 MP: 6/6
   845 | D:1      | Reached skill level 4 in Long Blades
  1125 | D:1      | Reached XP level 3. HP: 21/24 MP: 7/7
  1474 | D:2      | Reached skill level 5 in Long Blades
  1820 | D:2      | Reached XP level 4. HP: 10/29 MP: 8/8
  2886 | D:3      | Found a sparkling altar of Nemelex Xobeh.
  2900 | D:3      | Found a sacrificial altar of Ru.
  2900 | D:3      | Found a snail-covered altar of Cheibriados.
  2900 | D:3      | Found a shadowy altar of Dithmenos.
  2902 | D:3      | Found a stormy altar of Qazlal.
  2904 | D:3      | Found a burning altar of Makhleb.
  2936 | D:3      | Reached skill level 6 in Long Blades
  3170 | D:3      | Noticed Jessica
  3175 | D:3      | Killed Jessica
  3175 | D:3      | Reached XP level 5. HP: 19/34 MP: 9/9
  3247 | D:3      | Noticed a phantom
  3545 | D:4      | Found a glowing drain.
  3754 | Sewer    | Entered a sewer
  3849 | Sewer    | Reached skill level 7 in Long Blades
  4603 | Sewer    | Reached XP level 6. HP: 39/39 MP: 10/10
  5006 | Sewer    | Reached skill level 8 in Long Blades
  5132 | Sewer    | HP: 1/39 [adder (2)]
  5133 | Sewer    | Succumbed to an adder's poison

Vault maps used:
D:1:      dpeg_arrival_houses_and_road
D:2:      first_bread
D:3:      nemelex_xobeh_ov_fountains_minmay, minitemple,
          kennysheep_generic_room_4, uniq_jessica
D:4:      portal_sewer_entry_e, grunt_tough_drop
Sewer:    sewer_minmay_w

Action                   |  1- 3 |  4- 6 || total
-------------------------+-------+-------++-------
Melee: Falchion          |    94 |       ||    94
       Long sword        |    71 |   353 ||   424
  Use: Scroll            |       |    11 ||    11
       Potion            |       |     1 ||     1
  Eat: Chunk             |     3 |    11 ||    14
